AoeStats
← Long John Silver

Lombardia

508311633Analyzed
4v4 RM · 10d ago on Sep 21, 2026· 45m 18s· 8 players
Game mode
Random Map
Map size
Large (8 player)
Population
200
Speed
Normal
Resources
Standard
Victory
Conquest
Starting age
Dark Age
Ending age
Imperial Age
RankedLock teamsTeams togetherTeam positionsShared explorationLock speedFull tech treeHidden civsTurbo modeCheats
Victory
Defeat
🇧🇷 Saracens · Brazil
1608
+9
🇧🇷 Georgians · Brazil
1482
+13
🇩🇪 Lithuanians · Germany
1433
+15
🇺🇸 Cumans · United States
1393
+17
🇺🇸 Magyars · United States
1498
-17
🇺🇸 Mongols · United States
1491
-16
🇩🇪 Saracens · Germany
1384
-12
🇮🇳 Ethiopians · India
1313
-9
Monty
9:51 Feudal Age
10:48 Loom
17:46 Double-Bit Axe
19:05 Horse Collar
24:58 Castle Age
23:01 Gold Mining
24:48 Wheelbarrow
24:23 Scale Barding Armor
25:26 Bloodlines
25:30 Forging
29:41 Chain Barding Armor
31:29 Heavy Plow
31:41 Bow Saw
32:01 Light Cavalry
33:39 Iron Casting
36:29 Imperial Age
34:30 Steppe Husbandry
35:31 Gold Shaft Mining
37:34 Ballistics
38:14 Chemistry
37:58 Plate Barding Armor
36:54 Elite Steppe Lancer
37:51 Murder Holes
38:06 Masonry
39:28 Blast Furnace
39:04 Conscription
38:45 Hussar
39:32 Fletching
39:42 Padded Archer Armor
40:09 Caravan
Sorrateiro
7:55 Loom
10:02 Feudal Age
11:01 Double-Bit Axe
12:14 Town Watch
12:50 Gold Mining
13:06 Fletching
13:20 Horse Collar
13:44 Padded Archer Armor
18:19 Wheelbarrow
23:08 Castle Age
23:09 Crossbowman
23:44 Bodkin Arrow
25:46 Bow Saw
28:00 Heavy Plow
28:43 Fortified Wall
31:39 Hand Cart
31:19 Stone Mining
33:31 Gold Shaft Mining
37:21 Imperial Age
35:52 Scale Barding Armor
35:58 Forging
37:06 Chain Barding Armor
36:57 Bloodlines
36:47 Husbandry
37:24 Coinage
39:11 Two-Man Saw
39:28 Plate Barding Armor
39:28 Iron Casting
38:39 Treadmill Crane
39:10 Masonry
39:07 Siege Engineers
39:26 Ballistics
39:22 Caravan
39:29 Caravan
40:00 Banking
39:31 Elite Mameluke
41:41 Chemistry
41:21 Conscription
42:55 Blast Furnace
41:24 Onager
43:19 Siege Engineers
42:56 Siege Onager
EoK_pr1ston
6:48 Loom
9:23 Feudal Age
9:55 Double-Bit Axe
10:06 Horse Collar
15:35 Scale Barding Armor
19:56 Forging
20:01 Bloodlines
24:19 Castle Age
22:12 Gold Mining
24:00 Wheelbarrow
26:38 Husbandry
27:15 Iron Casting
27:14 Bow Saw
29:58 Stone Mining
32:47 Hand Cart
37:02 Imperial Age
34:58 Guard Tower
34:49 Treadmill Crane
35:30 Ballistics
35:21 Masonry
35:02 Fletching
35:29 Caravan
36:02 Svan Towers
35:54 Bodkin Arrow
35:39 Pikeman
36:20 Squires
36:21 Scale Mail Armor
36:43 Murder Holes
38:30 Keep
38:41 Bracer
39:45 Chemistry
38:31 Arrowslits
39:38 Chain Mail Armor
39:06 Halberdier
41:25 Plate Mail Armor
44:07 Conscription
45:41 Blast Furnace
44:43 Padded Archer Armor
Long John Silver
10:53 Feudal Age
14:34 Castle Age
12:21 Double-Bit Axe
13:48 Scale Barding Armor
13:43 Loom
14:55 Bloodlines
14:48 Gold Mining
17:51 Horse Collar
19:38 Husbandry
22:41 Bow Saw
27:07 Stone Mining
27:19 Heavy Plow
28:14 Chain Barding Armor
31:41 Forging
35:24 Imperial Age
34:23 Iron Casting
33:44 Fletching
34:47 Wheelbarrow
35:15 Stone Shaft Mining
35:01 Caravan
35:05 Town Watch
35:54 Bodkin Arrow
36:29 Conscription
36:42 Padded Archer Armor
37:23 Plate Barding Armor
37:21 Bracer
37:24 Padded Archer Armor
37:41 Tower Shields
39:06 Two-Man Saw
37:48 Elite Skirmisher
39:31 Chemistry
39:47 Leather Archer Armor
39:21 Elite Leitis
41:06 Ring Archer Armor
40:43 Thumb Ring
42:09 Ballistics
45:49 Hoardings
45:25 Careening
45:29 Masonry
katzzu
6:51 Loom
10:28 Feudal Age
12:03 Double-Bit Axe
12:01 Horse Collar
17:07 Fletching
23:08 Castle Age
22:09 Padded Archer Armor
23:13 Crossbowman
24:29 Crossbowman
25:06 Bodkin Arrow
27:05 Bow Saw
26:48 Gold Mining
34:35 Thumb Ring
35:11 Leather Archer Armor
37:34 Town Watch
41:39 Imperial Age
40:49 Ballistics
42:16 Arbalester
43:53 Bracer
44:57 Chemistry
Almost600
7:07 Loom
9:10 Feudal Age
10:13 Double-Bit Axe
15:05 Scale Barding Armor
17:26 Bloodlines
18:56 Wheelbarrow
21:48 Castle Age
20:20 Fletching
20:20 Horse Collar
20:32 Gold Mining
21:56 Padded Archer Armor
22:35 Bodkin Arrow
24:32 Bow Saw
25:00 Husbandry
25:25 Hand Cart
27:32 Leather Archer Armor
30:16 Heavy Plow
33:17 Stone Mining
34:07 Thumb Ring
34:34 Ballistics
35:08 Town Watch
40:41 Caravan
43:53 Imperial Age
41:38 Corvinian Army
42:00 Chain Barding Armor
44:34 Bracer
45:01 Parthian Tactics
44:46 Recurve Bow
45:46 Ring Archer Armor
2rich4u81
9:09 Feudal Age
13:46 Loom
15:54 Double-Bit Axe
23:08 Castle Age
21:16 Horse Collar
21:44 Gold Mining
22:17 Stone Mining
24:15 Bow Saw
28:06 Heavy Plow
30:00 Wheelbarrow
30:42 Pikeman
37:20 Imperial Age
35:09 Hand Cart
35:00 Padded Archer Armor
35:55 Fletching
40:41 Husbandry
41:11 Conscription
41:11 Caravan
41:16 Bodkin Arrow
41:37 Leather Archer Armor
42:04 Bloodlines
42:32 Bracer
41:55 Light Cavalry
42:38 Hussar
43:27 Scale Barding Armor
43:34 Forging
43:46 Thumb Ring
44:06 Parthian Tactics
43:02 Heavy Cavalry Archer
Myrmidon Overlord
8:10 Loom
10:07 Feudal Age
13:54 Castle Age
13:18 Double-Bit Axe
14:42 Horse Collar
17:01 Scale Barding Armor
17:09 Forging
17:06 Loom
23:00 Scale Barding Armor
24:03 Chain Barding Armor
24:11 Town Watch
25:29 Bloodlines
29:37 Wheelbarrow
31:53 Bow Saw
31:51 Husbandry
33:59 Hand Cart
36:47 Imperial Age
35:53 Iron Casting
42:26 Blast Furnace
45:12 Conscription
Connection lost

Rejoining the realm…

Still unreachable

The connection could not be restored.

Session expired

The server has moved on; the page needs a fresh start.